 Dungeon Crawl Stone Soup version 0.19-a0-36-g4a0968a (webtiles) character file.

41 DickMUffin69 the Skirmisher (level 3, -1/33 HPs)
             Began as a Minotaur Berserker on May 3, 2016.
             Was a Believer of Trog.
             Killed from afar by Natasha (7 damage)
             ... with a magic dart
             ... on level 2 of the Dungeon.
             The game lasted 00:13:09 (1006 turns).

DickMUffin69 the Skirmisher (Minotaur Berserker)    Turns: 1006, Time: 00:13:09

Health: -1/33      AC:  5    Str: 22    XL:     3   Next: 32%
Magic:  2/2        EV: 11    Int:  4    God:    Trog [**....]
Gold:   27         SH:  0    Dex:  9    Spells: 0 memorised, 2 levels left

rFire  . . .     SeeInvis .     a - +0 hand axe
rCold  . . .     Gourm    .     n - +0 ring mail
rNeg   . . .     Faith    .     (no shield)
rPois  .         Spirit   .     (helmet restricted)
rElec  .         Dismiss  .     (no cloak)
rCorr  .         Reflect  .     (no gloves)
SustAt .         Harm     .     (no boots)
MR     .....                    (no amulet)
Stlth  ..........               (no ring)
                                (no ring)

@: exhausted, slowed, very slow, not resistant to hostile enchantments,
extremely unstealthy
A: retaliatory headbutt, horns 2
a: Berserk, Trog's Hand, Burn Spellbooks, Renounce Religion


You were on level 2 of the Dungeon.
You worshipped Trog.
Trog was pleased with you.
You were very full.

You visited 1 branch of the dungeon, and saw 2 of its levels.

You collected 27 gold pieces.

Inventory:

Hand Weapons
 a - a +0 hand axe (weapon)
Armour
 b - a +0 animal skin
 n - a +0 ring mail (worn)
Jewellery
 k - a cursed ring of loudness {unknown}
Scrolls
 d - a scroll of enchant armour {unknown}
Potions
 e - a potion of heal wounds {unknown}
 f - 3 potions of brilliance
 g - a potion of haste {unknown}
 h - a potion of might {unknown}
 i - 2 potions of curing {unknown}
 m - a potion of cancellation {unknown}


   Skills:
 + Level 4.3 Fighting
 + Level 4.2 Axes
 + Level 2.9 Armour
 + Level 2.5 Dodging


You had 2 spell levels left.
You didn't know any spells.

Dungeon Overview and Level Annotations

Branches:
Dungeon (2/15)

Altars:

Annotations:
D:2 Natasha


Innate Abilities, Weirdness & Mutations

You reflexively headbutt those who attack you in melee.
You have a pair of horns on your head.


Message History

You kill the jackal!
Trog accepts your kill. Natasha claws you.
* * * LOW HITPOINT WARNING * * *
The crimson imp picks up a beetle and eats it.
The jackal closely misses you.
A red film seems to cover your vision as you go berserk!
You feel yourself moving faster!
You feel mighty!
You feel quite a bit less full. Natasha claws you.
* * * LOW HITPOINT WARNING * * *
The jackal bites you but does no damage.
The crimson imp barely misses you.
You are too berserk!
You feel a strong urge to attack something.
You feel your anger subside.
You are no longer berserk.
You are exhausted.
You feel yourself slow down. Natasha casts a spell at you.
The magic dart hits you!
You die...

#.##.# #.##.#
#.##.# #.##.#
#.##.#
#....######.#
#.##........#
). #...####.
## #.@.#
......#h##
.####.#h#
#.#.# #.#5#
#.†..#
....$....
##......###
#..5...##


You could see Natasha, a crimson imp and a jackal.

Vanquished Creatures
  An adder (D:2)
  A dart slug (D:1)
  2 giant geckos (D:1)
  2 giant cockroaches
  3 goblins
  2 hobgoblins
  6 jackals (D:2)
  A kobold (D:2)
  2 ball pythons
  3 bats
  A rat (D:2)
24 creatures vanquished.

Notes
Turn   | Place    | Note
--------------------------------------------------------------
     0 | D:1      | DickMUffin69 the Minotaur Berserker began the quest for the Orb.
     0 | D:1      | Reached XP level 1. HP: 19/19 MP: 0/0
   464 | D:1      | Reached XP level 2. HP: 23/27 MP: 1/1
   899 | D:2      | Reached XP level 3. HP: 13/33 MP: 2/2
   992 | D:2      | Reached ** piety under Trog
   995 | D:2      | Noticed Natasha
  1006 | D:2      | Killed from afar by Natasha

Vault maps used:
D:1:      elethiomel_arrival_infinity_welcomes_careful_drivers, st_stairs_9
D:2:      serial_bayou_pond_e, grunt_decor_arrowhead, hangedman_feature_mirror,
          fedhas_altar_1, uniq_natasha

Skill      XL: |  1  2 |
---------------+-------+-----
Fighting       | 4 |  4.3
Axes           | 4 |  4.2
Armour         | |  2.9
Dodging        | |  2.5

Action                   || total
-------------------------++-------
Melee: Hand axe          ||    54
       Headbutt          ||     8
Invok: Berserk           ||     1
  Use: Scroll            ||     1
  Eat: Bread ration      ||     2
Armor: Animal skin       ||     3
       Ring mail         ||    23
Dodge: Dodged            ||    60
